cohdb
Replays
Latest Replays
All Replays
Popular Replays
Top Player Replays
Match Explorer
How It Works
Community
CoH3 Stats
Reddit
Sign in to upload your games and track your stats! →
Sign in with Steam
Match 42815295
Unlisted
Match 42815295
Overview
Messages
Build Orders
End
Selects Australian Defense Battlegroup
Selects Australian Light Infantry Section
Australian Light Infantry Section
Royal Engineer Section
Australian Light Infantry Section
Australian Light Infantry Section
Vickers Machine Gun Team
Construct Section Command Post
Construct Platoon Command Post
Humber Armored Car
Selects 2-pounder Anti-tank Gun Team
DeeplyGoo
ThatFishCreigh
Joe™
Dave
0
0
Comments
sign in to comment!
No comments posted yet!